 Dungeon Crawl Stone Soup version 0.19-a0-1821-g42c593c (webtiles) character file.

56 KarmaPolice the Charmwright (level 3, -2/26 HPs)
             Began as a High Elf Skald on Oct 6, 2016.
             Killed from afar by Sigmund (12 damage)
             ... with a magic dart
             ... on level 2 of the Dungeon.
             The game lasted 00:05:25 (2391 turns).

KarmaPolice the Charmwright (High Elf Skald)        Turns: 2391, Time: 00:05:26

Health: -2/26      AC:  3    Str: 12    XL:     3   Next: 71%
Magic:  7/7        EV: 11    Int: 15    God:
Gold:   86         SH:  0    Dex: 15    Spells: 2 memorised, 3 levels left

rFire  . . .     SeeInvis .     a - +0 falchion
rCold  . . .     Gourm    .     b - +0 leather armour
rNeg   . . .     Faith    .     (no shield)
rPois  .         Spirit   .     (no helmet)
rElec  .         Dismiss  .     (no cloak)
rCorr  .         Reflect  .     (no gloves)
MR     .....     Harm     .     (no boots)
Stlth  +.........               (no amulet)
                                (no ring)
                                (no ring)

@: no status effects
A: no striking features
a: no special abilities


You were on level 2 of the Dungeon.
You were not hungry.

You visited 1 branch of the dungeon, and saw 2 of its levels.

You collected 86 gold pieces.

Inventory:

Hand Weapons
 a - a +0 falchion (weapon)
Missiles
 l - 56 arrows
Armour
 b - a +0 leather armour (worn)
Scrolls
 e - 3 scrolls of identify {unknown}
 h - a scroll of enchant armour {unknown}
 i - 2 scrolls of random uselessness {unknown}
 j - a scroll of amnesia {unknown}
 k - a scroll of teleportation {unknown}
 m - a scroll of immolation {unknown}
Books
 c - a book of Battle

   Spells                             Type                      Level
   a - Infusion                       Charms                       1
   b - Shroud of Golubria             Charms/Translocation         2
   c - Song of Slaying                Charms                       2
   d - Spectral Weapon                Hexes/Charms                 3
   e - Regeneration                   Charms/Necromancy            3
Comestibles
 d - 2 bread rations
 g - a meat ration


   Skills:
 + Level 3.1 Fighting
 + Level 3.4 Long Blades
 - Level 1.1 Armour
 - Level 1.1 Dodging
 - Level 2.4 Spellcasting
 - Level 4.1 Charms


You had 3 spell levels left.
You knew the following spells:

 Your Spells              Type           Power        Failure   Level  Hunger
a - Infusion              Chrm           ##..         6%          1    #......
b - Shroud of Golubria    Chrm/Tloc      #.........   21%         2    ###....


Dungeon Overview and Level Annotations

Branches:
Dungeon (2/15)

Altars:

Annotations:
D:2 Sigmund


Message History

No target in view!
There is an open door here.
i - 2 scrolls labeled NEYHAB VIGA (gained 1) Sigmund shouts!
Sigmund is too close now for your liking.
Sigmund casts a spell at you.
You are confused.
Sigmund laughs darkly.
A frilled lizard comes into view.
Sigmund casts a spell at you. The puff of flame hits you!
You feel less confused. Sigmund casts a spell at you.
The puff of flame hits you! Sigmund looks at you with fury.
Sigmund points at you and mumbles some strange words.
You resist with some effort. Sigmund gestures at you while chanting.
The magic dart hits you!
You die...

...#.#..##....###.###.........
....#....###.....#............#
...........###.#.#.##....###.##
...........###...#+##..>...#.##
...........##................##
...........##........#..##.#..h
................#....#..##'#+##
..........l.....'.......#......
.........@....@.#....####......
...............##....####......
..######.......##....'.##......
#.......##....#.........
#.......##....#.........
#.......##....#.##.#+##.
#.......##....#.........
##########....<......###
#....#.##.###


You could see Sigmund and a frilled lizard.

Vanquished Creatures
  An ooze (D:1)
  A worm (D:2)
  4 dart slugs
  A leopard gecko (D:2)
  2 giant cockroaches
  7 hobgoblins
  8 jackals
  3 kobolds
  A ball python (D:1)
  4 bats
  A frilled lizard (D:2)
  2 goblins (D:1)
  A rat (D:2)
36 creatures vanquished.

Notes
Turn   | Place    | Note
-------+----------+-------------------------------------------
     0 | D:1      | KarmaPolice the High Elf Skald began the quest for the Orb.
     0 | D:1      | Reached XP level 1. HP: 14/14 MP: 4/4
    27 | D:1      | Reached skill level 1 in Armour
   480 | D:1      | Reached XP level 2. HP: 19/19 MP: 6/6
   565 | D:1      | Learned a level 2 spell: Shroud of Golubria
   721 | D:1      | Reached skill level 4 in Charms
  1215 | D:1      | Reached XP level 3. HP: 25/25 MP: 7/7
  1390 | D:2      | Noticed Sigmund
  2391 | D:2      | Killed from afar by Sigmund

Vault maps used:
D:1:      evilmike_arrival_crescent
D:2:      uniq_sigmund

Skill      XL: |  1  2  3 |
---------------+----------+-----
Armour         | 1 |  1.1
Charms         | 4 |  4.1
Long Blades    | 3 |  3.4
Fighting       | 3 |  3.1
Dodging        | |  1.1
Spellcasting   | |  2.4

Action                   || total
-------------------------++-------
Melee: Falchion          ||   125
 Cast: Shroud of Golubri ||     2
       Infusion          ||     2
  Eat: Chunk             ||     5
Armor: Leather armour    ||    46
Dodge: Dodged            ||    86
       Rpst.: Falchion   ||    32
